 Dungeon Crawl Stone Soup version 0.30-a0-272-gf98c3da03f (webtiles) character file.

Game seed: 15497817295416728107

103701 rogsnak the Eclecticist (level 15, -8/113 HPs)
             Began as a Grey Draconian Air Elementalist on Oct 13, 2022.
             Was a High Priest of Sif Muna.
             Mangled by an alligator snapping turtle (29 damage)
             ... on level 3 of the Lair of Beasts on Oct 16, 2022.
             The game lasted 02:18:32 (34685 turns).

rogsnak the Eclecticist (DrAE)                     Turns: 34685, Time: 02:18:33

Health: -8/113     AC: 24    Str:  7    XL:     15   Next: 89%
Magic:  16/43      EV: 18    Int: 21    God:    Sif Muna [*****.]
Gold:   1348       SH:  0    Dex: 13    Spells: 4/44 levels left

rFire   . . .      SeeInvis .    r - +11 quarterstaff "Bingo" {freeze, rElec rPois Str-4}
rCold   . . .      Faith    .    (shield currently unavailable)
rNeg    . . .      Spirit   .    (body armour unavailable)
rPois   +          Reflect  .    g - +1 hat
rElec   +          Harm     .    w - +0 cloak
rCorr   .          Rampage  .    W - +0 pair of gloves "Ephod" {MP+9}
Will    +....                    N - +2 pair of boots
Stlth   ++........               C - amulet of magic regeneration
HPRegen 0.38/turn                d - +4 ring of evasion
MPRegen 0.68/turn                D - +4 ring of protection

@: studying Dodging
A: AC +14, amphibious, unfitting armour, cold-blooded
a: Renounce Religion, Channel Magic, Forget Spell, Divine Exegesis


You were on level 3 of the Lair of Beasts.
You worshipped Sif Muna.
Sif Muna was extremely pleased with you.
You visited 7 branches of the dungeon, and saw 27 of its levels.

You collected 3250 gold pieces.
You spent 1902 gold pieces at shops.

Inventory:

Hand Weapons
 e - the +9 mace of Cheese {flame, rC- Will++ Int+5}
   (You found it on level 13 of the Dungeon)

   It burns those it strikes, dealing additional fire damage.
   Int:       It affects your intelligence (+5).
   rC:        It makes you vulnerable to cold.
   Will:      It greatly increases your willpower.
 i - the +10 dagger "Mosoy" {flame, rElec rF++ MP+9 Str-2}
   (You found it on level 5 of the Lair of Beasts)

   It burns those it strikes, dealing additional fire damage.
   Str:       It affects your strength (-2).
   rF:        It greatly protects you from fire.
   rElec:     It insulates you from electricity.
   MP:        It affects your magic capacity (+9).
 r - the +11 quarterstaff "Bingo" (weapon) {freeze, rElec rPois Str-4}
   (You found it on level 2 of the Dungeon)

   It freezes those it strikes, dealing additional cold damage.
   It can also slow down cold-blooded creatures.
   Str:       It affects your strength (-4).
   rElec:     It insulates you from electricity.
   rPois:     It protects you from poison.
 V - the +7 mace "Killer Klown's Death" {vorpal, rElec rN+ Int+4 Stlth-}
   (You found it on level 9 of the Dungeon)

   It inflicts extra damage upon your enemies.
   Int:       It affects your intelligence (+4).
   rElec:     It insulates you from electricity.
   rN:        It protects you from negative energy.
   Stlth:     It makes you less stealthy.
Missiles
 b - 5 boomerangs of dispersal
 l - 9 atropa-tipped darts
 X - 2 curare-tipped darts
Armour
 g - a +1 hat (worn)
 w - a +0 cloak (worn)
 N - a +2 pair of boots (worn)
 W - the +0 pair of gloves "Ephod" (worn) {MP+9}
   (You bought it in a shop on level 9 of the Dungeon)

   MP:        It affects your magic capacity (+9).
Jewellery
 d - a +4 ring of evasion (left hand)
 k - a ring of flight
 C - an amulet of magic regeneration (around neck)
 D - a +4 ring of protection (right hand)
 H - a ring of resist corrosion
 S - an amulet of regeneration
 T - a ring of poison resistance
 Y - a ring of protection from fire
Wands
 p - a wand of polymorph (15)
 y - a wand of roots (26)
 A - a wand of paralysis (6)
 O - a wand of flame (27)
 Z - a wand of mindburst (7)
Scrolls
 f - 3 scrolls of amnesia
 j - a scroll of magic mapping
 t - 4 scrolls of teleportation {unknown}
 u - 4 scrolls of vulnerability {unknown}
 x - 7 scrolls of fog {unknown}
 G - 2 scrolls of blinking
 K - a scroll of enchant weapon
 L - a scroll of brand weapon
 M - 6 scrolls of enchant armour {unknown}
 P - 4 scrolls of immolation {unknown}
 Q - 5 scrolls of poison {unknown}
 R - 2 scrolls of fear
Potions
 a - 6 potions of magic
 c - 4 potions of mutation
 m - 5 potions of haste
 n - 3 potions of heal wounds
 o - 4 potions of lignification
 q - 6 potions of curing
 s - 2 potions of resistance {unknown}
 v - 2 potions of cancellation
 z - 3 potions of flight
 E - 4 potions of invisibility
 F - 4 potions of berserk rage
 I - 2 potions of might
 J - 3 potions of brilliance
 U - 2 potions of ambrosia
Miscellaneous
 h - a tin of tremorstones (2/2)
 B - a condenser vane


   Skills:
 + Level 5.5 Fighting
 * Level 6.2 Dodging
 - Level 2.0 Stealth
 + Level 15.2 Spellcasting
 + Level 13.9 Conjurations
 * Level 14.8 Air Magic
 - Level 5.1 Poison Magic
 + Level 0.2 Evocations


You had 4 spell levels left.
You knew the following spells:

 Your Spells              Type           Power      Damage    Failure   Level
a - Shock                 Conj/Air       100%       1d9       0%          1
b - Swiftness             Air            68%        N/A       1%          3
c - Airstrike             Air            34%        2d(5-21)  1%          4
d - Mephitic Cloud        Conj/Pois/Air  59%        N/A       1%          3
e - Lightning Bolt        Conj/Air       33%        1d50      1%          5
f - Orb of Destruction    Conj           32%        9d10      11%         7
g - Iskenderun's Battles  Conj           65%        2d11      1%          5
h - Maxwell's Capacitive  Air            34%        ∞         50%         8
i - Flame Wave            Conj/Fire      45%        2d12      2%          4

Your spell library contained the following spells:

 Spells                   Type           Power      Damage    Failure   Level
 Magic Dart               Conj           100%       1d8       0%          1
 Static Discharge         Conj/Air       100%       2-7/arc   0%          2
 Foxfire                  Conj/Fire      100%       2x1d9     1%          1
 Sting                    Tmut/Pois      100%       1d8       1%          1
 Cigotuvi's Dreadful Rot  Necr/Pois/Air  86%        N/A       1%          2
 Poisonous Vapours        Pois/Air       100%       N/A       1%          2
 Dazzling Flash           Conj/Hex       90%        N/A       1%          3
 Hailstorm                Conj/Ice       45%        3d10      1%          3
 Kindle Blastsparks       Fire/Tloc/Air  72%        2d16      1%          3
 Stone Arrow              Conj/Erth      90%        3d12      1%          3
 Vhi's Electric Charge    Tloc/Air       94%        N/A       1%          3
 Summon Lightning Spire   Summ/Air       47%        N/A       1%          4
 Fulminant Prism          Conj/Hex       22%        3d13      2%          4
 Iskenderun's Mystic Bla  Conj/Tloc      45%        2d10      2%          4
 Sticky Flame             Conj/Fire      45%        2d6       2%          4
 Beastly Appendage        Tmut           32%        N/A       3%          1
 Freeze                   Ice            64%        1d7       3%          1
 Necrotise                Necr           64%        1d7       3%          1
 Slow                     Hex            64%        N/A       3%          1
 Summon Small Mammal      Summ           64%        N/A       3%          1
 Spider Form              Tmut/Pois      26%        N/A       4%          3
 Olgreb's Toxic Radiance  Pois           37%        N/A       4%          4
 Call Imp                 Summ           16%        N/A       6%          2
 Passwall                 Tmut/Erth      13%        N/A       6%          2
 Scorch                   Fire           32%        2d7       6%          2
 Sublimation of Blood     Necr           16%        N/A       6%          2
 Wereblood                Tmut           16%        N/A       6%          2
 Call Canine Familiar     Summ           16%        N/A       12%         3
 Confusing Touch          Hex            16%        N/A       12%         3
 Frozen Ramparts          Ice            32%        1d5       12%         3
 Summon Guardian Golem    Hex/Summ       16%        N/A       12%         3
 Vampiric Draining        Necr           16%        2d7       12%         3
 Anguish                  Hex/Necr       8%         N/A       36%         4
 Animate Dead             Necr           16%        N/A       36%         4
 Cause Fear               Hex            8%         N/A       36%         4
 Leda's Liquefaction      Hex/Erth       8%         N/A       36%         4
 Passage of Golubria      Tloc           16%        N/A       36%         4
 Petrify                  Tmut/Erth      16%        N/A       36%         4
 Arcjolt                  Conj/Air       33%        1d43      1%          5
 Conjure Ball Lightning   Conj/Air       33%        3x3d11    1%          6
 Silence                  Hex/Air        23%        N/A       4%          5
 Fireball                 Conj/Fire      22%        3d10      6%          5
 Irradiate                Conj/Tmut      22%        3d19      6%          5
 Starburst                Conj/Fire      22%        6d8       32%         6
 Agony                    Necr           16%        N/A       71%         5
 Lee's Rapid Deconstruct  Erth           8%         3d8*      71%         5
 Summon Forest            Summ/Tloc      8%         N/A       71%         5
 Summon Mana Viper        Hex/Summ       16%        N/A       71%         5
 Storm Form               Tmut/Air       23%        N/A       83%         7
 Spellforged Servitor     Conj/Summ      22%        N/A       88%         7
 Death Channel            Necr           8%         N/A       99%         6
 Statue Form              Tmut/Erth      10%        N/A       99%         6
 Summon Cactus Giant      Summ           8%         N/A       99%         6
 Dragon Form              Tmut           8%         N/A       100%        7
 Lehudib's Crystal Spear  Conj/Erth      22%        10d6      100%        8
 Dragon's Call            Summ           8%         N/A       100%        9


Dungeon Overview and Level Annotations

Branches:
Dungeon (15/15)            Temple (1/1) D:5            Lair (5/5) D:8
 Shoals (1/4) Lair:3       Spider (2/4) Lair:2        Slime (0/5) Lair:5
    Orc (2/2) D:10            Elf (1/3) Orc:2        Vaults (0/5) D:14
 Depths (0/4) D:15

Altars:
Cheibriados
Dithmenos
Gozag
Hepliaklqana
Kikubaaqudgha
Nemelex Xobeh
Okawaru
Ru
Sif Muna
Uskayaw
Wu Jian
Xom
Yredelemnul
The Shining One

Shops:
D:2 [   D:8 *   D:9 [   D:10 [(   D:11 :   D:15 *   Orc:1 [:[(   Orc:2 *!(::

Portals:
Pandemonium: Orc:2
Trove: D:11 (give 5 potions of resistance)

Annotations:
D:14 exclusion: Rupert
D:15 2 transporters, Ryruocesk's ghost, adept DEFE


Innate Abilities, Weirdness & Mutations

Your dull iron-grey scales are very hard. (AC +14)
You are amphibious.
You cannot fit into any form of body armour.
You are cold-blooded and may be slowed by cold attacks.


Message History

Unknown command.
Unknown command.
Casting: Lightning Bolt (mildly dangerous; 1% risk of failure)
Confirm with . or Enter, or press ? or * to list all spells.
Aiming: Lightning Bolt (mildly dangerous; 1% risk of failure)
Press: ? - help, Shift-Dir - straight line, f/p - alligator snapping turtle
Aim: an alligator snapping turtle (lightly wounded, ally target, 100% to hit)
You hear a mighty clap of thunder!
The bolt of lightning hits the alligator snapping turtle!!
The alligator snapping turtle is moderately wounded.
Your battlesphere fires!
The barrage of energy hits the alligator snapping turtle!
The alligator snapping turtle is moderately wounded.
Unknown command.
Unknown command.
Casting: Lightning Bolt (mildly dangerous; 1% risk of failure)
Confirm with . or Enter, or press ? or * to list all spells.
Aiming: Lightning Bolt (mildly dangerous; 1% risk of failure)
Press: ? - help, Shift-Dir - straight line, f/p - alligator snapping turtle
Aim: an alligator snapping turtle (moderately wounded, ally target, 100% to hit)
You hear a mighty clap of thunder!
The bolt of lightning hits the alligator snapping turtle!
The alligator snapping turtle is heavily wounded.
Your battlesphere fires!
The barrage of energy hits the alligator snapping turtle.
The alligator snapping turtle is heavily wounded.
Unknown command.
Unknown command.
Casting: Lightning Bolt (mildly dangerous; 1% risk of failure)
Confirm with . or Enter, or press ? or * to list all spells.
Aiming: Lightning Bolt (mildly dangerous; 1% risk of failure)
Press: ? - help, Shift-Dir - straight line, f/p - alligator snapping turtle
Aim: an alligator snapping turtle (heavily wounded, ally target, 100% to hit)
Okay, then.
Okay, then.
As you read the scroll of fear, it crumbles to dust.
You assume a fearsome visage.
The alligator snapping turtle resists with some effort.
The alligator snapping turtle bites you from afar!!
You die...

.................................
##.####..P.P....#.###.......##...
####.......##..### #.>...##.##..
###~.......~###.# ##.....#...#..
##~~~~~...~~~~~### #........#.##.
≈~~)~~#####~~~~~≈###.......####..
≈~≈~~## ##≈~t~≈*###......#....#
≈≈~≈## ##~~~≈≈# #...........#
≈≈≈## ##≈≈@## #.....#.#.P## ####
#########.....##...## .####
##.....##......##..#.# ###.##
#####...................##
#.P.P###..##..................##
.....................####.....#
.....................P###.....#
......................##......##
.....................#.#.......#


You could see an alligator snapping turtle (ally target) and a friendly
battlesphere.

Vanquished Creatures
  Rupert (D:14)
  Frances (Spider:1)
  Agnes (D:14)
  Gastronok (D:9)
  Kirke (D:13)
  Roxanne (D:14)
  An emperor scorpion (Spider:1)
  A stone giant (D:15)
  An ettin (Orc:2)
  A vault guard (D:14)
  8 hydras
  An ogre mage (D:15)
  A radroach (Spider:1)
  5 two-headed ogres
  5 centaur warriors
  2 demonspawn (Orc:2)
  3 death yaks (Lair:2)
  3 tengu warriors
  3 boulder beetles
  4 orc high priests (Orc:2)
  4 skeletal warriors (D:13)
  A sixfirhy (Orc:2)
  2 goliath frogs (Lair:5)
  A pharaoh ant (Spider:1)
  3 steelbarb worms (Spider:1)
  A deep elf archer (Elf:1)
  3 orb spiders (Spider:1)
  A lindwurm (Lair:5)
  4 orc knights (Orc:2)
  A necromancer (D:14)
  Pikel (D:5)
  5 deep elf pyromancers
  A wizard (D:14)
  4 ugly things (D:14)
  6 wolf spiders
  2 deep elf zephyrmancers (Elf:1)
  10 orc sorcerers
  3 manticores
  2 black mambas (Lair:2)
  6 elephants (Lair:4)
  A merfolk siren (Lair:3)
  A smoke demon (Orc:2)
  An orange demon (Orc:2)
  16 cane toads
  4 rime drakes
  2 unseen horrors
  8 kobold demonologists
  3 demonic crawlers
  7 komodo dragons
  A tengu conjurer (D:13)
  Grinder (D:5)
  5 trolls
  3 hornets
  3 meliai (D:15)
  3 tyrant leeches (Lair:5)
  11 tarantellas (Spider:1)
  Prince Ribbit (D:5)
  7 blink frogs (Lair:5)
  4 dream sheep (Lair:3)
  5 jumping spiders
  8 culicivoras (Spider:1)
  4 wyverns
  A centaur simulacrum (D:15)
  A ynoxinul (Orc:2)
  2 shadows
  Eustachio (D:5)
  3 wraiths
  27 yaks
  3 hogs (D:13)
  20 humans (D:14)
  A water elemental (D:13)
  A vampire (D:9)
  6 basilisks
  18 redbacks
  Grum (D:8)
  13 vampire mosquitoes
  Menkaure (D:5)
  2 wargs
  An acid dragon (D:9)
  10 water moccasins
  24 orc warriors
  4 black bears
  Duvessa (D:5)
  A black bear (shapeshifter) (D:12)
  11 wolves
  2 ice beasts
  2 sky beasts
  7 ogres
  13 centaurs
  3 phantoms
  4 lemures (D:5)
  17 bullfrogs
  5 kobold brigands
  Blork the orc (D:6)
  A necrophage (D:5)
  3 scorpions
  13 wights
  Dowan (D:5)
  11 killer bees (D:10)
  2 howler monkeys
  7 electric eels
  17 orc priests
  2 gnoll boudas
  3 hounds
  3 jellies
  3 iguanas
  11 orc wizards
  16 gnolls
  8 adders
  2 white imps
  An ufetubus (D:4)
  2 worms
  A dart slug (D:4)
  52 orcs
  5 ball pythons
  5 endoplasms
  2 giant cockroaches (D:4)
  8 goblins
  5 hobgoblins
  8 jackals
  3 quokkas
  10 bats
  9 frilled lizards
  A goblin zombie (D:7)
  25 kobolds
  A kobold skeleton (D:7)
  2 rats
655 creatures vanquished.

Vanquished Creatures (collateral kills)
  A wolf spider (Spider:2)
  A tarantella (Spider:2)
  A redback (Spider:1)
3 creatures vanquished.

Vanquished Creatures (others)
  A tarantella (Spider:2)
  A culicivora (Spider:1)
  A human (D:13)
  A shadow imp (D:7)
  36 fungi
  144 plants
184 creatures vanquished.

Grand Total: 842 creatures vanquished

Notes
Turn   | Place    | Note
-------+----------+-------------------------------------------
     0 | D:1      | rogsnak the Draconian Air Elementalist began the quest for
                  | the Orb.
     0 | D:1      | Reached XP level 1. HP: 14/14 MP: 3/3
   258 | D:1      | Reached XP level 2. HP: 20/20 MP: 3/5
   969 | D:2      | Reached XP level 3. HP: 26/26 MP: 2/6
   973 | D:2      | Learned a level 3 spell: Swiftness
  1461 | D:2      | Identified the +11 quarterstaff "Bingo" {freeze, rElec
                  | rPois Str-4}
  1804 | D:2      | Found a glowing golden altar of the Shining One.
  1891 | D:2      | Found Kusoxzet's Antique Armour Boutique.
  2192 | D:3      | Reached XP level 4. HP: 34/34 MP: 0/8
  2425 | D:3      | Learned a level 4 spell: Airstrike
  2880 | D:4      | Reached skill level 3 in Spellcasting
  2880 | D:4      | Reached XP level 5. HP: 39/39 MP: 0/9
  3534 | D:4      | Noticed a phantom
  3543 | D:4      | Killed a phantom
  3544 | D:4      | Reached XP level 6. HP: 46/46 MP: 5/11
  3802 | D:4      | Noticed a water moccasin
  3842 | D:4      | Reached skill level 1 in Fighting
  3874 | D:4      | Killed a water moccasin
  3875 | D:4      | Reached skill level 4 in Spellcasting
  3875 | D:4      | Your scales start taking on a dull iron-grey colour.
  3875 | D:4      | Reached XP level 7. HP: 42/52 MP: 8/13
  3945 | D:5      | Entered Level 5 of the Dungeon
  3973 | D:5      | Identified the +1 robe "Lailie Juum" {*Slow MP+9 Str+6
                  | Stlth+}
  4050 | D:5      | Reached skill level 5 in Conjurations
  4160 | D:5      | Noticed Grinder
  4160 | D:5      | Paralysed by Grinder for 2 turns
  4203 | D:5      | Paralysed by Grinder for 3 turns
  4208 | D:5      | Killed Grinder
  4241 | D:5      | Reached XP level 8. HP: 59/59 MP: 0/15
  4420 | D:5      | Found a staircase to the Ecumenical Temple.
  4429 | Temple   | Entered the Ecumenical Temple
  4453 | Temple   | Became a worshipper of Sif Muna the Loreminder
  4536 | D:5      | Noticed Prince Ribbit
  4539 | D:5      | Noticed Eustachio
  4544 | D:5      | Killed Prince Ribbit
  4545 | D:5      | Reached skill level 5 in Spellcasting
  4555 | D:5      | Killed Eustachio
  4840 | D:5      | Noticed Menkaure
  4841 | D:5      | Noticed Pikel
  5018 | D:5      | Killed Menkaure
  5019 | D:5      | Reached skill level 5 in Air Magic
  5024 | D:5      | Noticed Duvessa
  5029 | D:5      | Noticed Dowan
  5031 | D:5      | Killed Duvessa
  5140 | D:5      | Killed Dowan
  5363 | D:5      | Killed Pikel
  5364 | D:5      | Reached skill level 6 in Spellcasting
  5364 | D:5      | Reached XP level 9. HP: 61/67 MP: 11/18
  5611 | D:5      | Learned a level 3 spell: Mephitic Cloud
  6193 | D:6      | Reached * piety under Sif Muna
  6596 | D:6      | Noticed Blork the orc
  6617 | D:6      | Killed Blork the orc
  7326 | D:7      | Found an opulent altar of Gozag.
  7463 | D:7      | Reached skill level 7 in Spellcasting
  7476 | D:7      | Found a runed translucent door.
  7478 | D:7      | Found a basalt altar of Yredelemnul.
  7965 | D:8      | Reached XP level 10. HP: 73/73 MP: 10/20
  8187 | D:8      | Noticed a two-headed ogre
  8432 | D:8      | Found Etipsett's Assorted Antiques.
  8489 | D:8      | Reached ** piety under Sif Muna
  8587 | D:8      | Killed a two-headed ogre
  9019 | D:8      | Noticed Grum
  9075 | D:8      | Killed Grum
  9137 | D:8      | Found an iron altar of Okawaru.
  9145 | D:8      | Reached skill level 8 in Spellcasting
  9482 | D:8      | Found a staircase to the Lair.
  9669 | D:9      | Found an ornate altar of the Wu Jian Council.
  9852 | D:9      | Noticed a centaur warrior
  9857 | D:9      | Noticed a manticore
  9892 | D:9      | Killed a manticore
  9919 | D:9      | Noticed Gastronok
 10096 | D:9      | Found a shadowy altar of Dithmenos.
 10226 | D:9      | Identified the +7 mace "Killer Klown's Death" {vorpal,
                  | rElec rN+ Int+4 Stlth-}
 10429 | D:9      | Found Exuopsam's Armour Shop.
 10445 | D:9      | Bought the +0 pair of gloves "Ephod" {MP+9} for 425 gold
                  | pieces
 10567 | D:9      | Killed a centaur warrior
 10568 | D:9      | Reached skill level 1 in Poison Magic
 10568 | D:9      | Reached XP level 11. HP: 72/83 MP: 12/23
 10768 | D:9      | Reached skill level 10 in Conjurations
 10881 | D:10     | Entered Level 10 of the Dungeon
 10950 | D:10     | Found Umuozxod's Weapon Emporium.
 10952 | D:10     | Found a staircase to the Orcish Mines.
 10957 | D:10     | Found Hypnyrargh's Armour Emporium.
 11287 | D:10     | Found an ancient bone altar of Kikubaaqudgha.
 11426 | D:10     | Reached *** piety under Sif Muna
 12040 | D:11     | Reached skill level 9 in Spellcasting
 12467 | D:11     | Found Onausi's Book Shoppe.
 12472 | D:11     | Noticed a deep elf pyromancer
 12479 | D:11     | Killed a deep elf pyromancer
 12965 | D:11     | Found a portal to a secret trove of treasure.
 13053 | D:12     | Noticed a two-headed ogre
 13067 | D:12     | Killed a two-headed ogre
 13067 | D:12     | Noticed a deep elf pyromancer
 13147 | D:12     | Noticed a boulder beetle
 13157 | D:12     | Noticed a four-headed hydra
 13166 | D:12     | Killed a boulder beetle
 13367 | D:12     | Killed a four-headed hydra
 13368 | D:12     | Reached XP level 12. HP: 84/91 MP: 10/25
 13644 | D:12     | Reached skill level 10 in Spellcasting
 14019 | D:12     | Reached **** piety under Sif Muna
 14252 | D:13     | Noticed a tengu warrior
 14278 | D:13     | Killed a tengu warrior
 14373 | D:13     | Identified the +9 mace of Cheese {flame, rC- Will++ Int+5}
 14376 | D:13     | Upgraded the game from 0.30-a0-250-g41c1d76940 to
                  | 0.30-a0-263-ge22c4ad894
 14514 | D:13     | You fall into a shaft and drop 1 floor!
 14652 | D:13     | Reached skill level 10 in Air Magic
 14883 | D:13     | Learned a level 5 spell: Lightning Bolt
 14891 | D:13     | Learned a level 7 spell: Orb of Destruction
 14902 | D:13     | Noticed a boulder beetle
 15013 | D:13     | Killed a boulder beetle
 15193 | D:13     | Noticed Kirke
 15210 | D:13     | Killed Kirke
 15211 | D:13     | Reached skill level 11 in Spellcasting
 16085 | D:14     | Noticed a centaur warrior
 16094 | D:14     | Noticed Agnes
 16267 | D:14     | Noticed Rupert
 16506 | D:14     | Reached XP level 13. HP: 99/99 MP: 9/28
 16988 | D:14     | Identified the +6 chain mail "Ysorru" {-Tele rC+++ rN++
                  | Str-4}
 17731 | D:14     | Reached ***** piety under Sif Muna
 17848 | D:14     | Killed Rupert
 17849 | D:14     | Reached skill level 12 in Spellcasting
 18019 | D:14     | Killed Agnes
 18111 | D:14     | Identified Roxanne's Vellum of Transmigration
 18111 | D:14     | Noticed Roxanne
 18128 | D:14     | Received a gift from Sif Muna
 18602 | D:14     | Found a gate to the Vaults.
 18839 | D:14     | Killed Roxanne
 18877 | D:15     | Entered Level 15 of the Dungeon
 19039 | D:15     | Found a transporter.
 19074 | D:15     | Found a transporter.
 19077 | D:15     | Noticed Ryruocesk's ghost (adept DEFE)
 19095 | D:15     | Noticed a vampire knight
 19789 | D:15     | Found Rihunurph's General Store.
 19888 | D:15     | Reached skill level 5 in Fighting
 20216 | Orc:1    | Entered Level 1 of the Orcish Mines
 20452 | Orc:1    | Found Koixkup's Book Emporium.
 20478 | Orc:1    | Found Riurij's Armour Shoppe.
 20491 | Orc:1    | Found Reel's Antique Weapon Boutique.
 20837 | Orc:1    | Found Vukul's Antique Armour Boutique.
 20853 | Orc:1    | Bought a smoking cloak for 332 gold pieces
 20853 | Orc:1    | Identified the +3 cloak of the Buccaneer {Int-3 Dex+8} (You
                  | bought it in a shop on level 1 of the Orcish Mines)
 21125 | Orc:2    | Entered Level 2 of the Orcish Mines
 21193 | Orc:2    | Received a gift from Sif Muna
 21195 | Orc:2    | Got Sif Muna's Book of United Hurting {god gift}
 21204 | Orc:2    | Learned a level 5 spell: Iskenderun's Battlesphere
 21321 | Orc:2    | Reached skill level 5 in Dodging
 21747 | Orc:2    | Noticed an ettin
 21777 | Orc:2    | Killed an ettin
 21778 | Orc:2    | Reached skill level 13 in Spellcasting
 21910 | Orc:2    | Paralysed by an orc sorcerer for 4 turns
 21917 | Orc:2    | Reached XP level 14. HP: 107/107 MP: 20/31
 22043 | Orc:2    | Found Dularoma's Self-Improvement Boutique.
 22082 | Orc:2    | Found a staircase to the Elven Halls.
 22438 | D:9      | Killed Gastronok
 23110 | Orc:2    | Found Yziur's General Store.
 23173 | Orc:2    | Found Epreinal's Distillery.
 24209 | Orc:2    | Received a gift from Sif Muna
 24210 | Orc:2    | Got Sif Muna's Reference Book on Aerial Calling {god gift}
 24487 | Orc:2    | Paralysed by an orc sorcerer for 3 turns
 24531 | Orc:2    | Paralysed by an orc sorcerer for 3 turns
 24591 | Orc:2    | Paralysed by an orc sorcerer for 2 turns
 24895 | Orc:2    | Found Hypek's Book Shop.
 24895 | Orc:2    | Found Soly's Antique Weapon Boutique.
 25057 | Orc:2    | Found a one-way gate leading to the halls of Pandemonium.
 25207 | Lair:1   | Entered Level 1 of the Lair of Beasts
 26456 | Lair:2   | Found a hole to the Spider Nest.
 27485 | Lair:3   | Found a staircase to the Shoals.
 27490 | Lair:3   | Reached skill level 14 in Spellcasting
 28573 | Lair:4   | Upgraded the game from 0.30-a0-263-ge22c4ad894 to
                  | 0.30-a0-269-gf0224bf7b6
 28773 | Lair:4   | Identified 2 scrolls of acquirement
 28774 | Lair:4   | Acquired 586 gold pieces
 28776 | Lair:4   | Acquired 452 gold pieces
 28901 | Lair:4   | Received a gift from Sif Muna
 28902 | Lair:4   | Got Sif Muna's Almanac of the Blaze and Earth {god gift}
 28912 | Lair:4   | Learned a level 8 spell: Maxwell's Capacitive Coupling
 29582 | Lair:5   | Entered Level 5 of the Lair of Beasts
 29616 | Lair:5   | Reached XP level 15. HP: 113/113 MP: 22/33
 29986 | Lair:5   | Found a staircase to the Slime Pits.
 30437 | Lair:5   | Identified the +0 rapier of the Elven Halls {elec, Dex+5
                  | Stlth+}
 30525 | Lair:5   | Identified the +10 dagger "Mosoy" {flame, rElec rF++ MP+9
                  | Str-2}
 30913 | Spider:1 | Entered Level 1 of the Spider Nest
 31155 | Lair:2   | Upgraded the game from 0.30-a0-269-gf0224bf7b6 to
                  | 0.30-a0-272-gf98c3da03f
 31198 | Shoals:1 | Entered Level 1 of the Shoals
 31500 | D:15     | Found a staircase to the Depths.
 31879 | D:8      | Bought a fizzy pink potion for 25 gold pieces
 32023 | Orc:2    | Bought a manual of Dodging for 1120 gold pieces
 32037 | Elf:1    | Entered Level 1 of the Elven Halls
 32716 | Spider:1 | Noticed an emperor scorpion
 32723 | Spider:1 | Killed an emperor scorpion
 32845 | Spider:1 | Received a gift from Sif Muna
 32846 | Spider:1 | Got Sif Muna's Incunabulum of Morbid Incandescence {god
                  | gift}
 32887 | Spider:1 | Found a hide-covered altar of Uskayaw.
 33121 | Spider:1 | Reached skill level 15 in Spellcasting
 33123 | Spider:1 | Noticed Frances
 33178 | Spider:1 | Killed Frances
 33319 | Spider:1 | Reached skill level 5 in Poison Magic
 33549 | Spider:1 | Learned a level 4 spell: Flame Wave
 33729 | Spider:1 | Identified the +4 ring mail of Qazlal's Regard {Rampage
                  | rElec Str+3}
 33797 | Spider:2 | Noticed an emperor scorpion
 34685 | Lair:3   | Mangled by an alligator snapping turtle

Illustrated notes

Levels and vault maps discovered:
D:1:      psy_arrival_conway, layout_rooms, minmay_pentomino_t4
D:2:      layout_loops_ring, serial_shops, nicolae_diamond_shop, basic_altar,
          minivault_27, minmay_misc_feat_cross
D:3:      layout_loops_ring
D:4:      kennysheep_six_static_rooms, layout_cave_pools
D:5:      layout_basic, minmay_temple_entry_poolview, nicolae_zen_rock_garden,
          st_stairs_8, uniq_grinder, uniq_duvessa, uniq_menkaure,
          uniq_prince_ribbit1, uniq_pikel, uniq_eustachio
D:6:      hellmonk_destroyed_diamonds, layout_layer_cave, serial_bayou_lake_a,
          uniq_blork_the_orc
D:7:      layout_loops_ring, grunt_gozag_breadcrumbs, dk_yredelemnul_ordeal
D:8:      layout_basic, kennysheep_okawaru_gauntlet, serial_shops,
          nicolae_shop_overgrown_old_shop, uniq_grum
D:9:      layout_long_grid, pdpol_wu_jian_five_deadly_venoms,
          grunt_dithmenos_smoke_and_mirrors, serial_shops, shop, moated_statue,
          minmay_chambers_of_fives, uniq_gastronok
D:10:     layout_loops_ring, nicolae_kikubaaqudgha_miasma_corner, orc_david_3,
          minmay_stone_trees_small, dreamdust_gnoll_shepherd
D:11:     layout_roguey, nicolae_trove_entry_diagonal, serial_shops,
          nicolae_square_shop, minmay_misc_feat_diagonals
D:12:     layout_basic
D:13:     layout_roguey, chequers_garden, st_stairs_10, serial_bayou_lagoon_a,
          uniq_kirke
D:14:     layout_basic, grunt_vaults_entry_tiered, amethyst_killhole,
          uniq_roxanne, uniq_agnes, uniq_rupert
D:15:     grunt_enter_depths_snipers, layout_loops_corners, serial_shops,
          nicolae_shop_behind_doors, gammafunk_ghost_mausoleum,
          minmay_misc_feat_columns
Temple:   eino_temple_scatter_basement
Lair:1:   layout_cave_pods, minivault_19, serial_bayou_shore_a
Lair:2:   layout_misc_corridors, dummy_spider_entry, beast_lair_carwin_7
Lair:3:   layout_cellular_growth, minmay_shoals_entry_lonely_mermaid,
          beast_lair_carwin_4
Lair:4:   layout_cellular_growth
Lair:5:   minmay_lair_end_frog_pond, layout_regular_city, slime_entry_1,
          serial_rivers, chequers_serial_rivers_micro_c,
          chequers_serial_rivers_micro_c, chequers_serial_rivers_large_b,
          chequers_serial_rivers_micro_d, chequers_serial_rivers_micro_c,
          chequers_serial_rivers_small_3
Shoals:1: layout_shoals, serial_shops, nicolae_shop_waterfront, shop,
          nicolae_shop_bloodbath_and_beyond, nicolae_shop_hallway_plus,
          nicolae_shop_behind_doors, nicolae_shoals_lost_giant_hut, uniq_donald
Spider:1: layout_spider_delve, nicolae_spider_altar_of_dancing, uniq_frances
Spider:2: layout_spider_delve, nicolae_spider_twisty_arc_passages
Orc:1:    layout_diamond_mine, basic_altar, serial_shops, nicolae_shop_stone,
          shop, shop, shop_fountains, nicolae_orc_lost_temple
Orc:2:    pf_orc_diabolical, layout_diamond_mine, nicolae_orc_sculptors_studio,
          nicolae_shop_self_help
Elf:1:    minmay_elf_arrival_plus, layout_geoelf_octagon,
          ebering_ghost_rock_garden, serial_shops, nicolae_shop_behind_doors,
          minivault_28, st_stairs_14, grunt_ministairs_7, drop_trap,
          onia_ninara_cookie, uniq_nikola

Skill      XL: |  1  2  3  4  5  6  7  8  9 10 11 12 13 14 15 |
---------------+----------------------------------------------+-----
Dodging        | 2 3 4 5 6 |  6.2
Conjurations   | 2 3 4 5 7 8 9 11 12 13 | 13.9
Air Magic      | 4 5 6 8 9 10 11 13 14 | 14.8
Stealth        | 2 |  2.0
Spellcasting   | 3 4 6 7 8 9 11 13 14 15 | 15.2
Fighting       | 1 2 3 4 5 |  5.5
Poison Magic   | 1 2 3 4 5 |  5.1
Evocations     | |  0.2

Action                   |  1- 3 |  4- 6 |  7- 9 | 10-12 | 13-15 || total
-------------------------+-------+-------+-------+-------+-------++-------
Melee: Dagger            |    14 |       |       |       |     2 ||    16
       Tailslap          |     4 |     4 |     5 |    48 |    64 ||   125
       Quarterstaff      |    11 |    22 |    69 |   246 |   320 ||   668
       Mace              |       |       |       |    15 |    30 ||    45
Throw: Dart              |       |       |       |     2 |       ||     2
 Cast: Shock             |    85 |    82 |   185 |   177 |   336 ||   865
       Airstrike         |       |       |     9 |   139 |   283 ||   431
       Mephitic Cloud    |       |       |     2 |    89 |   171 ||   262
       Lightning Bolt    |       |       |       |    18 |   155 ||   173
       Swiftness         |       |       |       |     4 |     4 ||     8
       Orb of Destructio |       |       |       |       |    15 ||    15
       Iskenderun's Batt |       |       |       |       |    45 ||    45
       Flame Wave        |       |       |       |       |     2 ||     2
Evoke: Wand              |       |       |       |       |     4 ||     4
  Use: Scroll            |       |       |       |     6 |    20 ||    26
       Potion            |       |       |       |     1 |     3 ||     4
 Stab: Confused          |       |       |       |    16 |    26 ||    42
       Sleeping          |       |       |       |     1 |     1 ||     2
Armor: Skin              |    10 |     7 |    55 |   196 |   229 ||   497
Dodge: Dodged            |    11 |    20 |    44 |   219 |   412 ||   706

Table legend: (Time is in decaauts)
 A = Elapsed time spent in this place.
 B = Non-inter-level travel time spent in this place.
 C = Inter-level travel time spent in this place.
 D = Time resting spent in this place.
 E = Time spent auto-exploring this place.
 F = Levels seen in this place.
 G = Mean time per level.
                   A        B        C        D        E       F      G
               +--------+--------+--------+--------+--------+-----+--------+
         Total |  34955 |  33289 |   1666 |   8178 |  14651 |  27 | 1294.6 |
       Dungeon |  21390 |  20385 |   1005 |   3944 |   9748 |  15 | 1426.0 |
        Temple |     42 |     42 |      0 |      0 |     11 |   1 |   42.0 |
          Lair |   6322 |   5973 |    349 |   1037 |   3263 |   5 | 1264.4 |
        Shoals |     22 |     22 |      0 |      0 |      0 |   1 |   22.0 |
   Spider Nest |   2255 |   2225 |     30 |   1090 |    416 |   2 | 1127.5 |
  Orcish Mines |   4847 |   4572 |    275 |   2073 |   1213 |   2 | 2423.5 |
   Elven Halls |     74 |     71 |      3 |     34 |      0 |   1 |   74.0 |
               +--------+--------+--------+--------+--------+-----+--------+

Top non-repeatable levels by time:
   Orc:2: 3776 daAuts
    D:14: 2658 daAuts
Spider:1: 2193 daAuts
    D:13: 1844 daAuts
     D:8: 1725 daAuts
    D:15: 1645 daAuts
     D:5: 1568 daAuts
  Lair:2: 1494 daAuts
    D:12: 1463 daAuts
     D:9: 1414 daAuts
     D:6: 1339 daAuts
  Lair:1: 1323 daAuts
    D:11: 1283 daAuts
     D:4: 1219 daAuts
    D:10: 1204 daAuts
